 Dungeon Crawl Stone Soup version 0.22-a0-447-gee5f723 (webtiles) character file.

110 KristoblXynda the Conjurer (level 4, -3/27 HPs)
             Began as an Octopode Conjurer on June 3, 2018.
             Slain by a worm (11 damage)
             ... on level 2 of the Dungeon.
             The game lasted 00:03:36 (2342 turns).

KristoblXynda the Conjurer (Octopode Conjurer)      Turns: 2342, Time: 00:03:36

Health: -3/27      AC:  1    Str:  7    XL:     4   Next: 91%
Magic:  4/8        EV: 13    Int: 18    God:
Gold:   32         SH:  0    Dex: 12    Spells: 8/9 levels left

rFire    . . .     SeeInvis .   (no weapon)
rCold    . . .     Gourm    .   (no shield)
rNeg     . . .     Faith    .   (helmet restricted)
rPois    .         Spirit   .   (no amulet)
rElec    .         Reflect  .   (no ring)
rCorr    .         Harm     .   (no ring)
MR       .....                  (no ring)
Stlth    ++++......             (no ring)
HPRegen  0.09/turn              (no ring)
MPRegen  0.11/turn              (no ring)
                                (no ring)
                                (no ring)

@: no status effects
A: almost no armour, stealthy swim, amphibious, 8 rings, constrict 8, camouflage
1, gelatinous body 1
a: no special abilities


You were on level 2 of the Dungeon.
You were not hungry.

You visited 1 branch of the dungeon, and saw 2 of its levels.

You collected 32 gold pieces.

Inventory:

Hand Weapons
 l - a +0 halberd
Scrolls
 a - 4 scrolls of identify {unknown}
 d - a scroll of remove curse {unknown}
 f - 2 scrolls of fear {unknown}
 h - a scroll of blinking {unknown}
 i - a scroll of enchant armour {unknown}
 j - 2 scrolls of random uselessness {unknown}
Potions
 c - 2 potions of curing {unknown}
 e - 2 potions of might {unknown}
 g - a potion of heal wounds {unknown}
 m - a potion of flight {unknown}
Comestibles
 b - 3 rations
 k - 3 chunks of flesh


   Skills:
 - Level 2.0 Dodging
 + Level 4.6 Stealth
 + Level 3.0 Spellcasting
 + Level 4.7 Conjurations


You had 8 spell levels left.
You knew the following spells:

 Your Spells              Type           Power        Failure   Level  Hunger
a - Magic Dart            Conj           ###.         2%          1    None

Your spell library contained the following spells:

 Spells                   Type           Power        Failure   Level  Hunger
 Iskenderun's Mystic Bla  Conj           ###.....     22%         4    ####...
 Fulminant Prism          Conj/Hex       ##........   52%         4    ####...
 Dazzling Spray           Conj/Hex       ##....       19%         3    ###....
 Force Lance              Conj/Tloc      ##......     52%         4    ####...
 Searing Ray              Conj           ###...       3%          2    ##.....


Dungeon Overview and Level Annotations

Branches:
Dungeon (2/15)

Altars:


Innate Abilities, Weirdness & Mutations

You cannot wear most types of armour.
You are very stealthy in the water. (Stealth+)
You are amphibious.
You can wear up to eight rings at the same time.
You can use your tentacles to constrict eight enemies at once.
Your skin changes colour to match your surroundings (Stealth+).
Your rubbery body absorbs attacks. (AC +1, EV +1)


Message History

Aiming: Magic Dart (safe; 2% risk of failure)
Press: ? - help, Shift-Dir - straight line, f/p - worm
Aim: a worm (lightly wounded)
The magic dart hits the worm.
The worm is moderately wounded.
The worm bites you!
Casting: Magic Dart (safe; 2% risk of failure)
Confirm with . or Enter, or press ? or * to list all spells.
You don't know that spell.
You tentacle-slap the worm. You grab the worm.
The worm is heavily wounded.
You constrict the worm, but do no damage.
You tentacle-slap the worm.
The worm is heavily wounded.
You constrict the worm. The worm bites you!
* * * LOW HITPOINT WARNING * * *
You tentacle-slap the worm but do no damage.
The worm is heavily wounded.
You constrict the worm. The worm bites you!
You die...

#.............#
#########.###...#
#.# .## #.# .#
#.# .# #.# .# #.#
.# #.####.###...
#..(.@.......
######w##.### ...
#.## #. #. ##


You could see a worm.

Vanquished Creatures
  4 gnolls (D:2)
  2 adders (D:2)
  2 worms (D:2)
  3 dart slugs
  2 leopard geckos (D:2)
  4 bats
  A giant cockroach (D:2)
  7 goblins
  3 hobgoblins
  8 kobolds
  A quokka (D:2)
  A ball python (D:1)
  2 frilled lizards
  A rat (D:1)
41 creatures vanquished.

Notes
Turn   | Place    | Note
-------+----------+-------------------------------------------
     0 | D:1      | KristoblXynda the Octopode Conjurer began the quest for the Orb.
     0 | D:1      | Reached XP level 1. HP: 11/11 MP: 3/3
   250 | D:1      | Reached XP level 2. HP: 3/17 MP: 5/5
  1355 | D:1      | Reached XP level 3. HP: 21/21 MP: 1/6
  1719 | D:2      | Reached XP level 4. HP: 27/27 MP: 3/8
  2342 | D:2      | Slain by a worm

Vault maps used:
D:1:      sevenhm_arrival_forest_fort_small_4

Skill      XL: |  1  2  3  4 |
---------------+-------------+-----
Stealth        | 3 4 |  4.6
Spellcasting   | 3 |  3.0
Dodging        | |  2.0
Conjurations   | |  4.7

Action                   |  1- 3 |  4- 6 || total
-------------------------+-------+-------++-------
Melee: Unarmed           |    60 |    22 ||    82
       Constrict         |    15 |     7 ||    22
       Tentacles         |    10 |     1 ||    11
 Cast: Magic Dart        |    33 |    40 ||    73
 Stab: Sleeping          |     5 |     1 ||     6
  Eat: Chunk             |     3 |     2 ||     5
Armor: Skin              |     6 |     4 ||    10
Dodge: Dodged            |    51 |    19 ||    70

Table legend:
 A = Spawn XP
 B = Non-spawn XP
 C = Spawn XP percentage of total XP
 D = Spawn monster count
 E = Non-spawn monster count
 F = Spawn count percentage of total count
 G = Total turns spent on level
                    A         B        C        D         E        F      G
               +---------+---------+-------+---------+---------+-------+---------
         Total |       0 |     158 |   0.0 |       0 |      41 |   0.0 |  2342
               +---------+---------+-------+---------+---------+-------+---------
           D:1 |       0 |      34 |   0.0 |       0 |      19 |   0.0 |  1427
           D:2 |       0 |     124 |   0.0 |       0 |      22 |   0.0 |   915
               +---------+---------+-------+---------+---------+-------+---------
